 Dungeon Crawl Stone Soup version 0.31-a0-236-g9a0961fb85 (webtiles) character file.

Game seed: 11810799580084895729

130 qw the Shooter (level 4, -3/36 HPs)
             Began as a Minotaur Hexslinger on July 10, 2023.
             Slain by Natasha (7 damage)
             ... on level 3 of the Dungeon.
             The game lasted 00:00:51 (1559 turns).

qw the Shooter (Minotaur Hexslinger)                Turns: 1559, Time: 00:00:51

Health: -3/36      AC:  6    Str: 13    XL:     4   Next: 90%
Magic:  4/4        EV: 11    Int: 10    God:
Gold:   100        SH:  0    Dex: 14    Spells: 4/5 levels left

rFire   . . .        Y - +1 sling
rCold   . . .        (no shield)
rNeg    . . .        p - +0 ring mail
rPois   .            (helmet restricted)
rElec   .            a - +0 cloak
rCorr   .            (no gloves)
SInv    .            (no boots)
Will    .....        (no amulet)
Stlth   +            (no ring)
HPRegen 0.26/turn    (no ring)
MPRegen 0.09/turn

%: no passive effects
@: about to teleport, slowed, very slow
A: horns 2, retaliatory headbutt
a: no special abilities


You were on level 3 of the Dungeon.
You visited 1 branch of the dungeon, and saw 3 of its levels.

You collected 100 gold pieces.


Innate Abilities, Weirdness & Mutations

You have a pair of horns on your head.
You reflexively headbutt those who attack you in melee.


   Skills:
 + Level 2.0 Fighting
 - Level 5.3 Ranged Weapons
 - Level 1.0 Armour
 - Level 2.1 Dodging
 - Level 1.0 Spellcasting
 - Level 2.0 Hexes


You had 4 spell levels left.
You knew the following spells:

 Your Spells              Type           Power      Damage    Failure   Level
a - Slow                  Hex            16%        N/A       32%         1

Your spell library contained the following spells:

 Spells                   Type           Power      Damage    Failure   Level
 Inner Flame              Hex/Fire       2%         N/A       82%         3
 Portal Projectile        Hex/Tloc       4%         N/A       82%         3
 Cause Fear               Hex            2%         N/A       97%         4

Inventory:

Hand Weapons
 Y - a +1 sling (weapon)
Armour
 a - a +0 cloak (worn)
 p - a +0 ring mail (worn)
Scrolls
 g - a scroll of identify
Potions
 l - a potion of attraction {unknown}
 n - a potion of might {unknown}

Dungeon Overview and Level Annotations

Branches:
Dungeon (3/15)

Altars:

Annotations:
D:3 Natasha


Message History

You shoot a sling bullet.
The sling bullet barely misses the jackal.
The jackal closely misses you. The jackal barely misses you.
You shoot a sling bullet. The sling bullet hits the jackal.
The jackal is almost dead.
The jackal bites you. The jackal closely misses you. You furiously retaliate!
You headbutt the jackal!
You kill the jackal!
Natasha casts a spell.
The jackal bites you but does no damage. x2
You hear an angry hiss.
You shoot a sling bullet. The sling bullet hits the jackal!
You kill the jackal!
Natasha barely misses you. Natasha claws you.
You shoot a sling bullet. The sling bullet barely misses Natasha.
The sling bullet hits the cerulean imp.
The cerulean imp is lightly wounded.
You hear an angry hiss.
A frilled lizard comes into view.
The cerulean imp completely misses you.
Natasha mumbles some strange words.
The cerulean imp hits you from afar with a +1 spear.
Natasha claws you.
You shoot a sling bullet.
The sling bullet closely misses Natasha.
The sling bullet closely misses the cerulean imp.
The frilled lizard hisses angrily.
The cerulean imp misses you.
The cerulean imp hits you with a +2 spear.
Natasha claws you! The frilled lizard barely misses you.
The cerulean imp hits you but does no damage.
Natasha barely misses you. The cerulean imp barely misses you.
1559 ||| READING scroll of teleportation.
As you read the scroll of teleportation, it crumbles to dust.
You feel strangely unstable. The frilled lizard closely misses you.
The cerulean imp hits you from afar with a +1 spear.
The cerulean imp hits you with a +2 spear.
Natasha claws you!
You die...

.. #. #. #. .
######( ...
.......####....
#....5...!....
#...$.@....#
#....lh....#
#.....5....#
####..####....
... ### ....
..... ......


You could see Natasha, 2 cerulean imps and a frilled lizard.

Vanquished Creatures
  Jessica (D:3)
  An adder (D:2)
  2 worms (D:2)
  A dart slug (D:1)
  3 ball pythons
  10 bats
  6 endoplasms
  3 giant cockroaches
  10 goblins
  2 hobgoblins
  17 jackals
  7 kobolds
  2 quokkas
  5 frilled lizards
  7 rats
77 creatures vanquished.

Notes
Turn   | Place    | Note
-------+----------+-------------------------------------------
     0 | D:1      | qw the Minotaur Hexslinger began the quest for the Orb.
     0 | D:1      | Reached XP level 1. HP: 16/16 MP: 1/1
     0 | D:1      | 0 ||| qw: Version: 0.3-a-52-g30416fa
     0 | D:1      | 0 ||| qw: Game counter: 4947
     0 | D:1      | 0 ||| qw: Melee chars always use a shield: true
     0 | D:1      | 0 ||| qw: God list: Okawaru
     0 | D:1      | 0 ||| qw: Allow faded altars: false
     0 | D:1      | 0 ||| qw: Do Orc after clearing Dungeon:15 true
     0 | D:1      | 0 ||| qw: Do second Lair branch before Depths: true
     0 | D:1      | 0 ||| qw: Lair rune preference: random
     0 | D:1      | 0 ||| qw: Goals: Normal
     0 | D:1      | 0 ||| PLANNING D:1-11
    47 | D:1      | Reached skill level 3 in Ranged Weapons
    48 | D:1      | Reached XP level 2. HP: 22/23 MP: 2/2
   277 | D:1      | Reached XP level 3. HP: 26/29 MP: 3/3
   520 | D:1      | Reached skill level 4 in Ranged Weapons
   768 | D:1      | 768 ||| UPGRADING to +0 leather armour.
   778 | D:1      | 778 ||| DROPPING +0 robe.
   779 | D:1      | 779 ||| UPGRADING to +0 ring mail.
   789 | D:1      | 789 ||| DROPPING +0 leather armour.
   790 | D:1      | 790 ||| READING scroll labelled KEG QOASHUW.
   791 | D:1      | 791 ||| READING 2 scrolls labelled XYESACZUELE.
   796 | D:1      | 796 ||| READING 3 scrolls labelled MEESTRO VUETTO.
   797 | D:1      | 797 ||| READING scroll labelled MOICZOCRAA.
   798 | D:1      | 798 ||| READING scroll labelled BOLIPEQIHA.
   799 | D:1      | 799 ||| READING scroll labelled MIZIONWUIRI.
   800 | D:1      | 800 ||| READING scroll labelled IGAANICHEA.
   801 | D:1      | 801 ||| READING 2 scrolls of identify.
   801 | D:1      | 801 ||| IDENTIFYING sedimented sapphire potion
   802 | D:1      | 802 ||| DROPPING scroll of poison.
   803 | D:1      | 803 ||| DROPPING potion of lignification.
   942 | D:2      | Reached skill level 1 in Armour
  1207 | D:2      | Reached XP level 4. HP: 36/36 MP: 4/4
  1482 | D:2      | 1482 ||| UPGRADING to +0 cloak.
  1487 | D:2      | 1487 ||| READING scroll labelled YDIBRYG YFILY.
  1488 | D:2      | 1488 ||| DRINKING 2 puce potions.
  1489 | D:2      | 1489 ||| READING 2 scrolls of identify.
  1489 | D:2      | 1489 ||| IDENTIFYING coppery potion
  1490 | D:2      | 1490 ||| DROPPING potion of magic.
  1541 | D:3      | Noticed Jessica
  1549 | D:3      | HP: 9/36 [Jessica/nerve-wracking pain (11)]
  1550 | D:3      | 1550 ||| READING 2 scrolls of teleportation.
  1551 | D:3      | 1551 ||| DRINKING potion of heal wounds.
  1551 | D:3      | Killed Jessica
  1552 | D:3      | Reached skill level 5 in Ranged Weapons
  1553 | D:3      | Noticed Natasha
  1558 | D:3      | HP: 8/36 [Natasha (8)]
  1559 | D:3      | 1559 ||| READING scroll of teleportation.
  1559 | D:3      | Slain by Natasha

Levels and vault maps discovered:
D:1:      amcnicky_arrival_underground_garden, layout_loops_ring, minmay_unequal
D:2:      layout_loops_ring, minmay_between
D:3:      layout_rooms, serial_shops, shop, minmay_distorted, uniq_natasha,
          uniq_jessica

Skill      XL: |  1  2  3  4 |
---------------+-------------+-----
Ranged Weapons | 3 4 5 |  5.3
Fighting       | 2 |  2.0
Armour         | 1 |  1.0
Dodging        | |  2.1
Spellcasting   | |  1.0
Hexes          | |  2.0

Action                     |  1- 3 |  4- 6 || total
---------------------------+-------+-------++-------
   Fire: Sling             |   148 |    68 ||   216
    Use: Scroll            |     8 |     4 ||    12
         Potion            |       |     2 ||     2
 Armour: Robe              |    11 |       ||    11
         Ring mail         |    16 |    10 ||    26
  Dodge: Dodged            |    67 |    39 ||   106

Table legend:
 A = Non-vault XP
 B = Vault XP
 C = Vault XP percentage of total XP
 D = Non-vault monster count
 E = Vault monster count
 F = Vault count percentage of total count
                 A         B        C        D         E       F
            +---------+---------+-------+---------+---------+-------
      Total |     126 |      61 |  32.6 |      67 |      10 |  13.0
            +---------+---------+-------+---------+---------+-------
        D:1 |      59 |       7 |  10.6 |      33 |       5 |  13.2
        D:2 |      54 |      17 |  23.9 |      27 |       4 |  12.9
        D:3 |      13 |      37 |  74.0 |       7 |       1 |  12.5
            +---------+---------+-------+---------+---------+-------
